 Dungeon Crawl Stone Soup version 0.29.1-1-gd02db6906a (webtiles) character file.

Game seed: 10821220136904215914

9 RogueRain17 the Chopper (level 2, 0/22 HPs)
             Began as a Demonspawn Gladiator on Sept 16, 2022.
             Slain by a kobold
             ... wielding a +0 club
              (2 damage)
             ... on level 1 of the Dungeon.
             The game lasted 00:00:30 (389 turns).

RogueRain17 the Chopper (Demonspawn Gladiator)       Turns: 389, Time: 00:00:31

Health: 0/22       AC:  4    Str: 14    XL:     2   Next: 3%
Magic:  2/2        EV: 12    Int:  9    God:
Gold:   51         SH:  4    Dex: 14    Spells: 1/1 levels left

rFire   . . .      SeeInvis .   a - +0 war axe
rCold   . . .      Faith    .   (no shield)
rNeg    . . .      Spirit   .   b - +0 leather armour
rPois   .          Reflect  .   c - +0 helmet
rElec   .          Harm     .   (no cloak)
rCorr   .          Rampage  .   (no gloves)
Will    .....                   (no boots)
Stlth   +.........              (no amulet)
HPRegen 0.07/turn               (no ring)
MPRegen 0.08/turn               (no ring)

@: no status effects
A: condensation shield
a: no special abilities


You were on level 1 of the Dungeon.
You visited 1 branch of the dungeon, and saw 1 of its levels.

You collected 51 gold pieces.

Inventory:

Hand Weapons
 a - a +0 war axe (weapon)
Missiles
 d - 3 throwing nets (quivered)
 e - a javelin
Armour
 b - a +0 leather armour (worn)
 c - a +0 helmet (worn)
Scrolls
 f - 3 scrolls of identify {unknown}
Potions
 g - a potion of ambrosia {unknown}


   Skills:
 + Level 2.2 Fighting
 * Level 3.0 Axes
 - Level 1.7 Throwing
 + Level 2.8 Dodging


You had one spell level left.
You didn't know any spells.
Your spell library contained the following spells:

 Spells                   Type           Power      Damage    Failure   Level
 Tukima's Dance           Hex            0%         N/A       83%         3
 Passage of Golubria      Tloc           0%         N/A       99%         4
 Yara's Violent Unravell  Hex/Tmut       0%         3d3       100%        5


Dungeon Overview and Level Annotations

Branches:
Dungeon (1/15)

Altars:


Innate Abilities, Weirdness & Mutations

A meltable shield of frost defends you. (SH +4)


Message History

The ball python barely misses you. The ball python closely misses you.
You completely miss the hobgoblin. You closely miss the ball python.
The ball python barely misses you. The ball python misses you.
The hobgoblin barely misses you.
You slash the hobgoblin!
You kill the hobgoblin!
You hit the ball python.
You kill the ball python!
You barely miss the kobold. The kobold hits you but does no damage.
A giant cockroach comes into view.
The kobold hits you with a +0 club.
You slash the kobold!
You kill the kobold!
You hit the kobold but do no damage. The kobold hits you with a +0 club.
Your Axes skill increases to level 3!
You are too injured to fight recklessly!
You are too injured to fight recklessly!
You are too injured to fight recklessly!
You are too injured to fight recklessly!
You closely miss the hobgoblin. You barely miss the kobold.
The hobgoblin closely misses you. The kobold hits you with a +0 club.
You slash the hobgoblin!
You kill the hobgoblin!
You barely miss the kobold. The kobold hits you but does no damage.
The kobold hits you with a +0 club.
* * * LOW HITPOINT WARNING * * *
You have reached level 2!
Your demonic ancestry asserts itself...
Frost condenses into a shield before you.
You hit the kobold but do no damage.
A kobold comes into view. It is wielding a +0 short sword.
The kobold hits you but does no damage. The giant cockroach barely misses you.
You barely miss the kobold.
The kobold shouts!
You hit the giant cockroach. The kobold hits you with a +0 club.
* * * LOW HITPOINT WARNING * * *
The giant cockroach closely misses you.
You closely miss the kobold. You barely miss the giant cockroach.
You block the giant cockroach's attack. The kobold hits you with a +0 club.
You die...

#.####### ####.# ####
#############....# #...
#................####...
.......(................
........................
..........###...........
.......K..###...........
......)@......##'###....
......B.......#...##....
..............#...##....
>#............'...++..>.
.$............#...##....
.#K...........#.........
..............#......#'#
..............#......#.#
+####.............#


You could see a giant cockroach and 2 kobolds.

Vanquished Creatures
  An endoplasm (D:1)
  2 giant cockroaches (D:1)
  2 hobgoblins (D:1)
  A kobold (D:1)
  A ball python (D:1)
7 creatures vanquished.

Notes
Turn   | Place    | Note
-------+----------+-------------------------------------------
     0 | D:1      | RogueRain17 the Demonspawn Gladiator began the quest for
                  | the Orb.
     0 | D:1      | Reached XP level 1. HP: 16/16 MP: 1/1
   287 | D:1      | Found a faded altar of an unknown god.
   385 | D:1      | Reached skill level 3 in Axes
   387 | D:1      | Gained mutation: A meltable shield of frost defends you.
                  | (SH +4) [demonic ancestry]
   387 | D:1      | Reached XP level 2. HP: 5/22 MP: 2/2
   389 | D:1      | Slain by a kobold

Illustrated notes

Levels and vault maps discovered:
D:1:      dpeg_arrival_simpleton_c, layout_basic,
          shapermc_ecumenical_altar_pompeii, st_stairs_2

Skill      XL: |  1 |
---------------+----+-----
Axes           | 3 |  3.0
Fighting       | |  2.2
Throwing       | |  1.7
Dodging        | |  2.8

Action                   || total
-------------------------++-------
Melee: War axe           ||    20
Armor: Leather armour    ||    10
Dodge: Dodged            ||    13
Block: Other             ||     1
